 Dungeon Crawl Stone Soup version 0.30-a0-1075-gcd70e7a56d (webtiles) character file.

Game seed: 13419496855135856595

8624 kiwi3s the Cleaver (level 11, -3/168 HPs)
             Began as a Minotaur Berserker on Apr 14, 2023.
             Was a High Priest of Trog.
             Slain by a troll (10 damage)
             ... on level 11 of the Dungeon.
             The game lasted 00:18:53 (11760 turns).

kiwi3s the Cleaver (Minotaur Berserker)            Turns: 11760, Time: 00:18:53

Health: -3/168     AC: 11    Str: 23    XL:     11   Next: 12%
Magic:  10/10      EV: 31    Int:  2    God:    Trog [*****.]
Gold:   863        SH:  0    Dex: 19    Spells: 10/10 levels left

rFire   . . .      SeeInvis .    j - +2 hand axe (vamp)
rCold   . . .      Faith    .    (no shield)
rNeg    . . .      Spirit   .    c - +0 scale mail
rPois   .          Reflect  .    (helmet restricted)
rElec   .          Rampage  .    (no cloak)
rCorr   .                        f - +1 pair of gloves
Will    +....                    (no boots) Stlth
                                 v - amulet of the acrobat
HPRegen 0.48/turn                i - ring of willpower
MPRegen 0.12/turn                (no ring)

@: berserking, acrobatic, studying Axes, very quick
A: horns 2, retaliatory headbutt, agile 2, robust 1
a: Renounce Religion, Berserk, Trog's Hand, Brothers in Arms


You were on level 11 of the Dungeon.
You worshipped Trog.
Trog was extremely pleased with you.
You visited 1 branch of the dungeon, and saw 11 of its levels.
You also visited: Sewer.

You collected 863 gold pieces.

Inventory:

Hand Weapons
 a - a +0 hand axe
 j - a +2 vampiric hand axe (weapon)
Missiles
 s - a throwing net (quivered)
Armour
 c - a +0 scale mail (worn)
 f - a +1 pair of gloves (worn)
 F - a +0 kite shield
 G - a +0 buckler
Jewellery
 i - a ring of willpower (left hand)
 v - an amulet of the acrobat (around neck)
 B - an amulet of faith
 E - a ring of protection from cold
Wands
 w - a wand of polymorph (10)
 C - a wand of iceblast (4)
Scrolls
 e - 2 scrolls of immolation
 g - 2 scrolls of enchant weapon
 h - 4 scrolls of magic mapping
 k - a scroll of amnesia
 n - a scroll of poison
 t - 5 scrolls of fear
Potions
 m - 5 potions of haste
 o - 2 potions of might
 q - 5 potions of attraction
 u - 2 potions of flight
 x - a potion of cancellation {unknown}
 z - 5 potions of heal wounds
 A - 2 potions of ambrosia


   Skills:
 + Level 11.0 Fighting
 + Level 11.9 Axes
 + Level 10.7 Armour
 + Level 9.8 Dodging


You had 10 spell levels left.
You didn't know any spells.
Your spell library was empty.

Dungeon Overview and Level Annotations

Branches:
Dungeon (11/15)            Temple (0/1) D:6            Lair (0/5) D:10
  Sewer (visited)
    Orc: D:9-12

Altars:
Dithmenos
Gozag
Kikubaaqudgha
Qazlal
Sif Muna
Uskayaw
Vehumet
Xom
Yredelemnul
Zin
The Shining One

Shops:
D:1 [


Innate Abilities, Weirdness & Mutations

You have a pair of horns on your head.
You reflexively headbutt those who attack you in melee.
You are very agile. (Dex +8, Str/Int -2)
You are robust. (+10% HP)


Message History

A two-headed ogre is nearby!
A troll comes into view.
The troll shouts!
A shadow comes into view.
There are monsters nearby!
Found a ring mail.
The shadow slips into darkness.
The shadow flickers and vanishes!
Deactivating autopickup; reactivate with Ctrl-A.
You slash the two-headed ogre! You headbutt the two-headed ogre!
The two-headed ogre is heavily wounded.
The two-headed ogre hits you with a +0 giant spiked club!!
The two-headed ogre hits you with a +0 giant club!
You hit the two-headed ogre.
You feel better.
You headbutt the two-headed ogre!
The two-headed ogre is severely wounded.
You barely miss the two-headed ogre.
The two-headed ogre is severely wounded.
The two-headed ogre barely misses you.
The two-headed ogre hits you with a +0 giant club!
You hit the two-headed ogre but do no damage.
The two-headed ogre is severely wounded.
You slash the two-headed ogre!
The two-headed ogre is almost dead.
The two-headed ogre hits you with a +0 giant spiked club!
The two-headed ogre hits you with a +0 giant club!!
* * * LOW HITPOINT WARNING * * *
A red film seems to cover your vision as you go berserk!
You feel yourself moving faster!
You feel mighty!
You slash the two-headed ogre!
You feel the power of Trog in you as your rage grows.
You kill the two-headed ogre!
Trog accepts your kill.
You closely miss something.
The shadow strikes at you from the darkness!
* * * LOW HITPOINT WARNING * * *
Reactivating autopickup.
Your Fighting skill increases to level 11!
Found a scroll of enchant weapon.
The troll misses you. You furiously retaliate!
You headbutt the troll! The troll claws you!
You die...

#.#....## ### #[......
...##....#.
?...#.....###
....?.....#.#
...........# ....
..§§..T..#### ##...##
..§§§≈@..#..## #.....#
..§§§≈W§.....# ##......
..§≈≈§§...######.......
.§§§§≈§§§######....≈≈≈.
...≈≈§..#...#.#..§≈≈≈§≈
#.#####.......#..§§§≈≈§§
. ##..#....##<#§§§§≈
#..#.#.###<#<#≈≈§#
######## #########


You could see a troll and a shadow.

Vanquished Creatures
  A two-headed ogre (D:11)
  The ghost of BlueFish the Sneak, a novice OpTm (D:5)
  2 kobold demonologists (D:10)
  A troll (D:9)
  The ghost of domi the Magician, an amateur DjIE (D:4)
  A wyvern (D:8)
  10 yaks
  Grum (D:8)
  A golden eye (shapeshifter) (D:10)
  2 steam dragons
  Menkaure (D:4)
  Duvessa (D:4)
  A water moccasin (D:7)
  3 orc warriors
  3 black bears
  4 centaurs
  4 ogres
  3 wolves (D:8)
  5 kobold brigands
  2 phantoms (D:5)
  8 bullfrogs
  A gnoll sergeant (D:9)
  2 scorpions
  3 wights (D:8)
  Dowan (D:4)
  9 killer bees
  5 howler monkeys
  An orc priest (D:8)
  A gnoll bouda (D:6)
  7 hounds
  A sleepcap (D:4)
  3 jellies
  5 iguanas
  An orc wizard (D:8)
  A hound zombie (D:4)
  19 gnolls
  7 adders
  A river rat (D:3)
  A shadow imp (D:6)
  3 white imps
  2 ufetubi (D:6)
  An adder zombie (D:4)
  2 worms
  5 dart slugs
  23 orcs
  15 ball pythons
  6 bats
  17 endoplasms
  13 giant cockroaches
  14 goblins
  11 hobgoblins
  11 jackals
  28 kobolds
  5 quokkas
  22 frilled lizards
  9 rats
312 creatures vanquished.

Vanquished Creatures (others)
  12 fungi (D:10)
  17 plants
29 creatures vanquished.

Grand Total: 341 creatures vanquished

Notes
Turn   | Place    | Note
-------+----------+-------------------------------------------
     0 | D:1      | kiwi3s the Minotaur Berserker began the quest for the Orb.
     0 | D:1      | Reached XP level 1. HP: 19/19 MP: 0/0
    90 | D:1      | Reached XP level 2. HP: 24/27 MP: 1/1
   226 | D:1      | Found Dujookh's Antique Armour Shoppe.
   269 | D:1      | Reached XP level 3. HP: 33/33 MP: 2/2
   397 | D:1      | Reached ** piety under Trog
   698 | D:1      | Found a faded altar of an unknown god.
  1136 | D:2      | Reached XP level 4. HP: 27/40 MP: 3/3
  2025 | D:2      | Reached *** piety under Trog
  2383 | D:3      | Found a glowing drain.
  2423 | Sewer    | Entered a sewer
  2631 | Sewer    | Reached **** piety under Trog
  2632 | Sewer    | Reached XP level 5. HP: 45/47 MP: 4/4
  2934 | Sewer    | Reached skill level 5 in Fighting
  2934 | Sewer    | Reached skill level 5 in Axes
  2938 | Sewer    | Reached XP level 6. HP: 18/56 MP: 5/5
  4008 | D:4      | Found a stormy altar of Qazlal.
  4042 | D:4      | Noticed Dowan
  4044 | D:4      | Noticed Duvessa
  4056 | D:4      | Killed Dowan
  4057 | D:4      | Killed Duvessa
  4058 | D:4      | Reached skill level 5 in Armour
  4058 | D:4      | Reached XP level 7. HP: 42/62 MP: 6/6
  4195 | D:4      | Noticed Menkaure
  4203 | D:4      | Killed Menkaure
  4335 | D:4      | Found a runed translucent gate.
  4335 | D:4      | Found a runed translucent gate.
  4335 | D:4      | Found a runed translucent gate.
  4335 | D:4      | Noticed domi's ghost (amateur DjIE)
  4533 | D:4      | Found a basalt altar of Yredelemnul.
  4537 | D:4      | Reached ***** piety under Trog
  4555 | D:4      | Killed domi's ghost
  4556 | D:4      | Reached skill level 5 in Dodging
  4772 | D:5      | Entered Level 5 of the Dungeon
  4783 | D:5      | Reached XP level 8. HP: 71/71 MP: 7/7
  4976 | D:5      | Found a runed translucent door.
  4977 | D:5      | Noticed BlueFish's ghost (novice OpTm)
  5518 | D:5      | Found a shimmering altar of Xom.
  5711 | D:5      | Found a glowing golden altar of the Shining One.
  5879 | D:5      | Killed BlueFish's ghost
  5947 | D:5      | Identified a scroll of acquirement
  5986 | D:6      | Found a staircase to the Ecumenical Temple.
  5988 | D:6      | Identified the +5 flail of Wu Jian's Hope {elec, *Corrode
                  | Fragile Str+9 Int+4}
  5997 | D:6      | Reached XP level 9. HP: 81/81 MP: 8/8
  6578 | D:6      | Found a radiant altar of Vehumet.
  6958 | D:7      | Found an opulent altar of Gozag.
  7017 | D:7      | You fall into a shaft and drop 1 floor!
  7318 | D:8      | Found a shadowy altar of Dithmenos.
  7462 | D:8      | Noticed Grum
  7470 | D:8      | Killed Grum
  7653 | D:8      | Found a hide-covered altar of Uskayaw.
  7675 | D:8      | Reached XP level 10. HP: 87/91 MP: 9/9
  7940 | D:8      | Received a gift from Trog
  8517 | D:7      | Found a glowing silver altar of Zin.
  8517 | D:7      | Noticed an angel
  8660 | D:9      | Reached skill level 10 in Axes
  8665 | D:9      | Reached skill level 10 in Fighting
  8711 | D:8      | Acquired a manual of Axes
  9055 | D:9      | HP: 4/93 [poisoned by a killer bee]
  9333 | D:9      | Found a shimmering blue altar of Sif Muna.
  9355 | D:9      | Reached skill level 10 in Armour
 10148 | D:10     | Entered Level 10 of the Dungeon
 10718 | D:10     | Received a gift from Trog
 10735 | D:9      | HP: 2/94 [troll (4)]
 10739 | D:9      | Reached XP level 11. HP: 12/101 MP: 10/10
 11026 | D:10     | Found an ancient bone altar of Kikubaaqudgha.
 11228 | D:10     | Found a staircase to the Lair.
 11572 | D:10     | Gained mutation: You are robust. (+10% HP) [potion of
                  | mutation]
 11572 | D:10     | Gained mutation: You are agile. (Dex +4, Str/Int -1)
                  | [potion of mutation]
 11572 | D:10     | Gained mutation: You are very agile. (Dex +8, Str/Int -2)
                  | [potion of mutation]
 11750 | D:11     | Noticed a two-headed ogre
 11759 | D:11     | Killed a two-headed ogre
 11759 | D:11     | HP: 7/166 [something (26)]
 11760 | D:11     | Slain by a troll

Illustrated notes

Levels and vault maps discovered:
D:1:      dpeg_arrival_morbid_curiosity, layout_loops_ring,
          basic_ecumenical_altar, serial_shops, shop
D:2:      layout_basic, hex_intersection, minmay_fractal_squares_gapless_5
D:3:      layout_loops_corners, cheibrodos_sewer_entry_sluice,
          minmay_stone_trees_small, grunt_ministairs_5, minmay_misc_feat_chi,
          minmay_lizard_king
D:4:      layout_basic, nicolae_yredelemnul_ghost_church,
          nicolae_qazlal_general_emergency, uniq_duvessa, uniq_menkaure
D:5:      minmay_skewed_foursquare, layout_rooms, tgw_xom,
          lemuel_coloured_pillars_altar, gammafunk_ghost_grave
D:6:      layout_basic, vehumet_crystals, minmay_temple_entry_offerings
D:7:      layout_loops_ring, zin_angel, nicolae_gozag_seed_capital
D:8:      layout_rooms, nicolae_dithmenos_shadow_blocks,
          nicolae_uskayaw_murder_on_the_dancefloor, enter_bailey_3,
          grunt_ministairs_14, uniq_grum
D:9:      layout_stronghold, mainiacjoe_overflow_tiny_flanked,
          hangedman_decor_growths, palyth_stone_intersect
D:10:     layout_rooms, mainiacjoe_overflow_chevrons,
          grunt_lair_entry_orc_guard_hut, minmay_stone_trees_medium
D:11:     layout_big_octagon, david_orc_3, serial_bayou_pond_b, uniq_maurice,
          uniq_fannar

Skill      XL: |  1  2  3  4  5  6  7  8  9 10 11 |
---------------+----------------------------------+-----
Axes           | 4 5 6 8 9 11 | 11.9
Fighting       | 4 5 6 7 9 10 11 | 11.0
Armour         | 3 4 5 6 7 9 10 | 10.7
Dodging        | 3 4 5 6 8 9 |  9.8

Action                     |  1- 3 |  4- 6 |  7- 9 | 10-12 || total
---------------------------+-------+-------+-------+-------++-------
  Melee: Hand axe          |   100 |   213 |   266 |   265 ||   844
         Headbutt          |    14 |    25 |    57 |    54 ||   150
         Punch             |     1 |     1 |     2 |     3 ||     7
 Invoke: Berserk           |       |     1 |     6 |     4 ||    11
    Use: Scroll            |       |       |    10 |    13 ||    23
         Potion            |       |       |       |     1 ||     1
 Armour: Animal skin       |    13 |    30 |     6 |       ||    49
         Scale mail        |       |       |    66 |   116 ||   182
  Dodge: Dodged            |    82 |   120 |   183 |   233 ||   618

Table legend: (Time is in decaauts)
 A = Elapsed time spent in this place.
 B = Non-inter-level travel time spent in this place.
 C = Inter-level travel time spent in this place.
 D = Time resting spent in this place.
 E = Time spent auto-exploring this place.
 F = Levels seen in this place.
 G = Mean time per level.
                   A        B        C        D        E       F      G
               +--------+--------+--------+--------+--------+-----+--------+
         Total |  11865 |  11344 |    521 |   1540 |   7980 |  12 |  988.8 |
       Dungeon |  11260 |  10739 |    521 |   1540 |   7577 |  11 | 1023.6 |
         Sewer |    605 |    605 |      0 |      0 |    403 |   1 |  605.0 |
               +--------+--------+--------+--------+--------+-----+--------+

Top non-repeatable levels by time:
     D:9: 1985 daAuts
     D:5: 1343 daAuts
     D:2: 1227 daAuts
     D:8: 1198 daAuts
     D:3: 1062 daAuts
     D:4: 1056 daAuts
    D:10: 1006 daAuts
     D:1: 930 daAuts
     D:6: 832 daAuts
   Sewer: 605 daAuts
     D:7: 588 daAuts
    D:11: 30 daAuts
